 Dungeon Sprint DCSS version 0.30-a0-50-gb2d611f6b1 (webtiles) character file.

Game seed: 13077356270020766260

4099 rocky1 the Fighter (level 10, -1/123 HPs)
             Began as an Ogre Gladiator on Sept 5, 2022.
             Was an Elder of Okawaru.
             Slain by a cane toad (22 damage)
             ... in the Dungeon (Sprint VII: "The Pits").
             The game lasted 00:07:36 (2998 turns).

rocky1 the Fighter (Ogre Gladiator)                 Turns: 2998, Time: 00:07:37

Health: -1/123     AC:  3    Str: 24    XL:     10   Next: 26%
Magic:  7/13       EV: 15    Int:  9    God:    Okawaru [****..]
Gold:   0          SH:  0    Dex: 10    Spells: 9/9 levels left

rFire   . . .      SeeInvis .    n - +0 flail (vorpal)
rCold   . . .      Faith    .    (no shield)
rNeg    . . .      Spirit   .    b - +0 robe
rPois   .          Reflect  .    c - +0 hat
rElec   .          Harm     .    (no cloak)
rCorr   .          Rampage  .    (gloves unavailable)
Will    +....      NoTele   +    (boots unavailable)
Stlth   +++.......               (no amulet)
HPRegen 0.30/turn                (no ring)
MPRegen 0.13/turn                (no ring)

@: lethally poisoned (-1 -> -6), heroic, finesse-ful
A: large, unfitting armour, tough skin 1
a: Renounce Religion, Heroism, Finesse


You were in the Dungeon.
You worshipped Okawaru.
Okawaru was greatly pleased with you.
You visited 1 branch

Inventory:

Hand Weapons
 a - a +0 flail
 n - a +0 vorpal flail (weapon)
 o - a +1 quarterstaff of protection
 p - a +1 hand axe of freezing
 q - a +0 morningstar
Missiles
 d - 3 throwing nets
 e - 6 large rocks (quivered)
Armour
 b - a +0 robe (worn)
 c - a +0 hat (worn)
Scrolls
 k - a scroll of blinking
 m - 5 scrolls of amnesia
Potions
 f - 6 potions of curing
 g - 3 potions of heal wounds
 h - a potion of haste
 i - 4 potions of magic
 j - a potion of berserk rage
 l - 2 potions of invisibility


   Skills:
 + Level 14.8(19.8) Fighting
 + Level 14.1(19.1) Maces & Flails
 + Level 5.3(10.3) Throwing
 + Level 4.0(9.0) Armour
 + Level 11.0(16.0) Dodging
 + Level 5.2 Invocations


You had 9 spell levels left.
You didn't know any spells.
Your spell library was empty.

Dungeon Overview and Level Annotations

Branches:
Dungeon (1/1)

Altars:
Ashenzari
Cheibriados
Dithmenos
Elyvilon
Fedhas
Gozag
Hepliaklqana
Kikubaaqudgha
Makhleb
Nemelex Xobeh
Okawaru
Qazlal
Ru
Sif Muna
Trog
Uskayaw
Vehumet
Wu Jian
Xom
Yredelemnul
Zin
The Shining One
Jiyva
Lugonu

Annotations:
D Harold


Innate Abilities, Weirdness & Mutations

You are too large for most types of armour.
You have tough skin. (AC +1)


Message History

The redback is moderately wounded.
You feel very sick. The orange demon closely misses you.
The dream sheep ruffle their wool and motes of dream dust sparkle, to no effect.
You hit the redback.
The redback is heavily wounded.
You feel sick. The redback bites you!
You miss the redback.
The redback is heavily wounded.
You feel sick. The orange demon stings you from afar!
You barely miss the redback.
The redback is heavily wounded.
You feel sick. The redback bites you!
You hit the redback.
The redback is severely wounded.
You feel sick. The redback bites you!
You barely miss the redback.
The redback is severely wounded.
You feel sick. The orange demon stings you from afar.
You hit the redback.
The redback is severely wounded.
You feel sick. The redback bites you!
You closely miss the redback.
The redback is severely wounded.
You feel sick.
The dream sheep ruffle their wool and motes of dream dust sparkle, to no effect.
The orange demon barely misses you.
You bludgeon the redback!!
You kill the redback!
Okawaru accepts your kill.
Your base Armour skill increases to level 4!
Your base Dodging skill increases to level 11!
You feel sick. The cane toad misses you. The orange demon closely misses you.
The orange demon hits you but does no damage.
The dream sheep ruffle their wool and motes of dream dust sparkle, to no effect.
The cane toad stings you!!
* * * LOW HITPOINT WARNING * * *
There is an open door, spattered with blood here.
The cane toad attacks as you move away! The cane toad stings you!!
You die...

.#####'#####''###################
.##.......##''# .##.......##..#
.##.......##..# +#
###...<...##..# #.##
.##.......##..# #...##
.##.......##.(## #.....#
###.......##...##Fs....# .
##########....@4s....+ # ###
#...##YY....# # Y..# #..##
#@....# #....# #..# #...## +..Y.+
#..# #.## #s...# #..# +# # ...#
#..# # ### ####


You could see Harold, an orange demon, a cane toad, 2 redbacks and 2 dream
sheep.

Vanquished Creatures
  A necromancer (D)
  A cyclops (D)
  A gargoyle (D)
  A kobold demonologist (D)
  6 dream sheep (D)
  A spriggan (D)
  A water elemental (D)
  A redback (D)
  A floating eye (D)
  2 orc warriors (D)
  3 ice beasts (D)
  A centaur (D)
  3 wolves (D)
  A necrophage (D)
  5 killer bees (D)
  An iron imp (D)
  An orc priest (D)
  Terence (D)
  An adder (D)
  A white imp (D)
  2 ufetubi (D)
  A worm (D)
  2 orcs (D)
  A bat skeleton (D)
  3 bat zombies (D)
  A hobgoblin (D)
  A kobold (D)
  A ball python zombie (D)
  A bat (D)
  2 frilled lizards (D)
49 creatures vanquished.

Notes
Turn   | Place    | Note
-------+----------+-------------------------------------------
     0 | D        | rocky1 the Ogre Gladiator began the quest for the Orb.
     0 | D        | Reached XP level 1. HP: 22/22 MP: 1/1
    11 | D        | Noticed a floating eye
    14 | D        | Paralysed by a floating eye for 2 turns
    17 | D        | Killed a floating eye
    18 | D        | Reached XP level 2. HP: 36/36 MP: 2/2
    18 | D        | Reached XP level 3. HP: 44/44 MP: 3/3
    18 | D        | Reached XP level 4. HP: 52/52 MP: 4/4
    22 | D        | Found a bloodstained altar of Trog.
    22 | D        | Found a shimmering blue altar of Sif Muna.
    22 | D        | Found a viscous altar of Jiyva.
    22 | D        | Found a hazy altar of Hepliaklqana.
    22 | D        | Found an opulent altar of Gozag.
    23 | D        | Found a glowing golden altar of the Shining One.
    23 | D        | Found a glowing silver altar of Zin.
    23 | D        | Found a basalt altar of Yredelemnul.
    23 | D        | Found a shimmering altar of Xom.
    23 | D        | Found an ornate altar of the Wu Jian Council.
    23 | D        | Found a sacrificial altar of Ru.
    23 | D        | Found a stormy altar of Qazlal.
    23 | D        | Found an iron altar of Okawaru.
    23 | D        | Found a sparkling altar of Nemelex Xobeh.
    23 | D        | Found a burning altar of Makhleb.
    23 | D        | Found a blossoming altar of Fedhas.
    23 | D        | Found a white marble altar of Elyvilon.
    23 | D        | Found a shadowy altar of Dithmenos.
    23 | D        | Found a snail-covered altar of Cheibriados.
    26 | D        | Found a corrupted altar of Lugonu.
    26 | D        | Found a radiant altar of Vehumet.
    27 | D        | Found an ancient bone altar of Kikubaaqudgha.
    27 | D        | Found a hide-covered altar of Uskayaw.
    27 | D        | Found a broken altar of Ashenzari.
    31 | D        | Became a worshipper of Warmaster Okawaru
   356 | D        | Reached skill level 5 in Dodging
   396 | D        | Reached XP level 5. HP: 33/61 MP: 5/5
   604 | D        | Noticed an orc warrior
   604 | D        | Noticed Terence
   621 | D        | Reached XP level 6. HP: 49/74 MP: 6/6
   625 | D        | Killed an orc warrior
   631 | D        | Killed Terence
   892 | D        | Reached XP level 7. HP: 67/84 MP: 7/7
   962 | D        | Noticed a kobold demonologist
   969 | D        | Noticed a chaos spawn
   979 | D        | Killed a kobold demonologist
   979 | D        | Reached * piety under Okawaru
   980 | D        | Reached skill level 10 in Fighting
   980 | D        | Reached skill level 10 in Maces & Flails
  1317 | D        | Reached XP level 8. HP: 29/97 MP: 8/8
  1619 | D        | Noticed an elephant
  1619 | D        | Noticed an emperor scorpion
  1676 | D        | Noticed a dream sheep
  1688 | D        | Noticed a cyclops
  1690 | D        | Killed a dream sheep
  1690 | D        | Reached ** piety under Okawaru
  1691 | D        | Noticed a dream sheep
  1691 | D        | Noticed a dream sheep
  1694 | D        | Noticed a dream sheep
  1699 | D        | Killed a cyclops
  1702 | D        | Killed a dream sheep
  1703 | D        | Killed a dream sheep
  1703 | D        | Reached *** piety under Okawaru
  1704 | D        | Reached XP level 9. HP: 110/110 MP: 6/9
  1814 | D        | Noticed a necromancer
  1836 | D        | Killed a necromancer
  1837 | D        | Reached skill level 1 in Armour
  1837 | D        | Reached skill level 10 in Dodging
  1901 | D        | Noticed a gargoyle
  2207 | D        | Reached **** piety under Okawaru
  2366 | D        | Killed a gargoyle
  2367 | D        | Reached XP level 10. HP: 24/123 MP: 4/13
  2977 | D        | Noticed an orange demon
  2977 | D        | Noticed a cane toad
  2977 | D        | Noticed Harold
  2984 | D        | Reached skill level 5 in Throwing
  2988 | D        | Reached skill level 5 in Invocations
  2998 | D        | Slain by a cane toad

Illustrated notes

Levels and vault maps discovered:
D:        pitsprint [storerooms_1, entrance_room_1, metal_vault_3, armoury_2,
          mini_pit_1, grid_room_1, main_hall_1, silver_pit, the_coven_1,
          the_vestibule_1, steel_vault_5, golden_pit, hallway_of_sentries,
          crystal_vault_4, iron_vault_2, final_vault]

Skill      XL: |  1  2  3  4  5  6  7  8  9 10 |
---------------+-------------------------------+-----
Fighting       | 6 8 9 11 13 14 | 14.8
Maces & Flails | 6 8 9 11 13 14 | 14.1
Dodging        | 4 5 6 7 8 9 10 11 | 11.0
Throwing       | 4 5 |  5.3
Armour         | 3 4 |  4.0
Invocations    | 4 5 |  5.2

Action                   |  1- 3 |  4- 6 |  7- 9 | 10-12 || total
-------------------------+-------+-------+-------+-------++-------
Melee: Flail             |     4 |    69 |   130 |    26 ||   229
       Punch             |       |     1 |     1 |       ||     2
Throw: Large rock        |       |       |     3 |     3 ||     6
Invok: Heroism           |       |       |     4 |     1 ||     5
       Finesse           |       |       |     1 |     1 ||     2
  Use: Potion            |       |     1 |     4 |       ||     5
Armor: Robe              |       |    25 |    16 |     2 ||    43
Dodge: Dodged            |       |    66 |    72 |    14 ||   152

Table legend: (Time is in decaauts)
 A = Elapsed time spent in this place.
 B = Non-inter-level travel time spent in this place.
 C = Inter-level travel time spent in this place.
 D = Time resting spent in this place.
 E = Time spent auto-exploring this place.
 F = Levels seen in this place.
 G = Mean time per level.
                   A        B        C        D        E       F      G
               +--------+--------+--------+--------+--------+-----+--------+
         Total |   2972 |   2950 |     22 |   2304 |      0 |   1 | 2972.0 |
       Dungeon |   2972 |   2950 |     22 |   2304 |      0 |   1 | 2972.0 |
               +--------+--------+--------+--------+--------+-----+--------+

Top non-repeatable levels by time:
       D: 2972 daAuts
